Map: [ESL] Royal Blood

Players

Wayne - Winner!

  • Race: Zerg Zerg
  • Spawn Location: 7:00

AqueroN

  • Race: Terran Terran
  • Spawn Location: 1:00

Event: ESL SC2 Masters 2023 Summer (Regionals)

VOD

Have the link to the VOD?

Description

Time

  • Played on: May 14, 2023, 11:21 a.m.
  • Length: 7:53

All games in this series

Show
View Real Time Build Order
Export as new Build Order

Wayne Zerg - Winner!

Build Orders: Pool First, Ravager All-In 

Get SALT Encoding   

  12  0:00  Drone  
  13  0:12  Overlord  
  13  0:16  Drone  
  14  0:30  Drone x2  
  14  0:35  Drone  
  17  0:44  Spawning Pool  
  17  0:46  Drone  
  17  1:06  Hatchery  
  17  1:09  Drone  
  17  1:12  Extractor  
  17  1:14  Drone  
  17  1:31  Zergling x4  
  19  1:35  Roach Warren  
  18  1:41  Queen  
  18  1:45  Drone  
  21  1:53  Overlord  
  21  2:14  Roach  
  21  2:15  Roach  
  25  2:18  Roach  
  27  2:23  Roach  
  27  2:26  Extractor  
  28  2:30  Roach  
  30  2:37  Overlord  
  30  2:40  Roach  
  27  2:45  Roach  
  29  2:53  Roach  
  31  3:02  Roach  
  31  3:10  Roach  
  30  3:26  Roach x2  
  30  3:28  Ravager  
  31  3:37  Roach  
  33  3:43  Ravager  
  34  3:53  Roach  
  32  3:58  Roach  
  32  4:01  Roach  
  36  4:16  Roach x2  
  35  4:22  Ravager  
  34  4:28  Roach  
  34  4:42  Roach  
  34  4:44  Ravager  
  37  4:49  Overlord  
  35  4:56  Ravager  
  36  5:08  Roach  
  36  5:11  Roach  
  40  5:23  Roach  
  42  5:33  Roach  
  42  5:35  Ravager  
  45  5:41  Overlord  
  45  5:56  Roach  
  43  6:02  Roach  
  43  6:04  Ravager  
  17  7:09  Roach  
  17  7:10  Roach  
Show
View Real Time Build Order
Export as new Build Order

AqueroN Terran 

Build Orders:  

Get SALT Encoding   

  12  0:00  SCV  
  13  0:12  SCV  
  14  0:17  Supply Depot  
  14  0:24  SCV  
  15  0:42  Barracks  
  15  0:53  Barracks  
  15  1:03  Barracks  
  15  1:07  SCV  
  16  1:20  SCV  
  17  1:29  Marine  
  18  1:33  Orbital Command  
  18  1:39  Supply Depot  
  18  1:40  Marine  
  18  1:47  Marine  
  19  1:50  Marine  
  21  1:58  Marine  
  22  2:03  Bunker  
  22  2:04  Marine  
  22  2:08  Marine  
  24  2:10  SCV  
  25  2:16  Marine  
  25  2:22  Marine  
  27  2:23  SCV  
  27  2:24  Refinery  
  28  2:35  SCV  
  29  2:40  Supply Depot  
  27  2:52  SCV  
  27  2:57  Marine x3  
  31  3:04  SCV  
  30  3:15  Marine  
  29  3:20  Marine  
  29  3:24  Marine  
  30  3:33  Marine  
  31  3:45  Marine  
  31  3:46  Factory  
  32  3:52  Marine  
  32  3:54  Marine  
  32  3:58  SCV  
  33  4:06  Marine  
  33  4:09  Marine  
  30  4:22  SCV  
  30  4:23  Marine  
  28  4:24  Marine  
  28  4:30  Factory Tech Lab  
  29  4:33  Starport  
  29  4:39  SCV  
  29  4:40  Marine  
  29  4:41  Marine  
  32  4:47  Refinery  
  32  4:52  Marine  
  25  4:54  Cyclone  
  25  4:57  SCV  
  25  4:58  Marine  
  30  5:10  Marine, Supply Depot  
  31  5:15  Marine  
  31  5:18  Viking  
  32  5:31  Marine x2  
  32  5:33  Marine  
  35  5:43  Supply Depot  
  34  5:51  Marine x2  
  34  5:52  Marine  
  16  6:09  Marine x2  
  16  6:10  Marine  
Tags
 
Add a new tag
Caveats
  • Supply blocks, unpowered buildings, or Contaminate may cause inaccurate times.
  • Supply counts are checked every 10 seconds.